 Dungeon Crawl Stone Soup version 0.27.0-1-g7a089689b8 (webtiles) character file.

Game seed: 11212240652996951921

60 Dann the Ducker (level 3, 0/17 HPs)
             Began as a Felid Berserker on Aug 9, 2021.
             Was a Believer of Trog.
             Slain by a worm (11 damage)
             ... on level 2 of the Dungeon.
             The game lasted 00:05:54 (2410 turns).

Dann the Ducker (Felid Berserker)                   Turns: 2410, Time: 00:05:54

Health: 0/17       AC:  1    Str: 14    XL:     3   Next: 82%
Magic:  4/4        EV: 19    Int:  8    God:    Trog [**....]
Gold:   69         SH:  0    Dex: 15    Spells: 2/2 levels left
                                        Lives:  0   Deaths: 1

rFire    . . .     SeeInvis +     - Unarmed
rCold    . . .     Faith    .   (shield unavailable)
rNeg     . . .     Spirit   .   (armour unavailable)
rPois    .         Reflect  .   (helmet unavailable)
rElec    .         Harm     .   (cloak unavailable)
rCorr    .         Rampage  .   (gloves unavailable)
Will     .....                  (boots unavailable)
Stlth    ++........             (no amulet)
HPRegen  0.05/turn              (no ring)
MPRegen  0.09/turn              (no ring)

@: quick
A: very small, claws 1, fangs 3, see invisible, speed 1, shaggy fur 1, stealthy
paws, no weapons or thrown items, no armour, multi-lived
a: Renounce Religion, Berserk, Trog's Hand


You were on level 2 of the Dungeon.
You worshipped Trog.
Trog was pleased with you.
You visited 1 branch of the dungeon, and saw 2 of its levels.

You collected 69 gold pieces.

Inventory:

Jewellery
 c - an amulet of magic regeneration
Scrolls
 b - a scroll of fear {unknown}
 d - 4 scrolls of teleportation {unknown}
Potions
 a - a potion of curing {unknown}
 e - a potion of flight {unknown}
 f - a potion of magic {unknown}
 g - a potion of resistance {unknown}


   Skills:
 + Level 3.5 Fighting
 + Level 5.1 Dodging
 + Level 1.1 Stealth
 + Level 4.2 Unarmed Combat


You had 2 spell levels left.
You didn't know any spells.
Your spell library was empty.

Dungeon Overview and Level Annotations

Branches:
Dungeon (2/15)

Altars:

Shops:
D:1 =


Innate Abilities, Weirdness & Mutations

You have sharp claws.
You have razor-sharp teeth.
You have supernaturally acute eyesight. (SInv)
You cover ground quickly. (Speed+)
You are covered in fur. (AC +1)
Your paws help you pounce on unaware monsters.
You are incapable of wielding weapons or throwing items.
You cannot wear armour.
You gain extra lives every three experience levels.


Message History

You scratch the goblin.
The goblin is heavily wounded.
The goblin hits you with a +0 club.
You barely miss the goblin.
The goblin is heavily wounded.
The goblin misses you.
You scratch the goblin but do no damage.
The goblin is heavily wounded.
The goblin misses you.
You barely miss the goblin. Your bite misses the goblin.
The goblin is heavily wounded.
The goblin barely misses you.
You closely miss the goblin.
The goblin is heavily wounded.
The goblin closely misses you.
You claw the goblin!
You kill the goblin!
Trog accepts your kill.
Things that are here:
a +0 club; a +0 dagger You now have 69 gold pieces (gained 1).
Things that are here:
a +0 club; a +0 dagger A goblin comes into view.
It is wielding a +0 club.
Found an escape hatch in the floor.
A frilled lizard comes into view.
A worm comes into view.
You pounce on the unaware helpless goblin!
You claw the goblin!
You kill the goblin!
Trog accepts your kill.
You see here a +0 club.
The frilled lizard hisses angrily.
The worm bites you.
You barely miss the worm. You scratch the worm. Your bite misses the worm.
The worm is moderately wounded.
The worm bites you!
Ouch! That really hurt!
You die...

# ########.##
#.# #........#
#.# #.########
#.# #.# #...
#.##
###.###.#### #
#...
#..........#.#
####
#.#.##.)#.....
#.#.##..#.##.#
....l...@..#
#..#.##..w....#
#.......##.>###
#.##..... ..#
......### ...
.... .... ....
....# .. ....#


You could see a worm and a frilled lizard.

Vanquished Creatures
  Terence (D:2)
  3 adders (D:2)
  2 worms (D:2)
  2 dart slugs
  2 ball pythons
  2 endoplasms (D:1)
  7 goblins
  2 hobgoblins
  3 jackals (D:1)
  A quokka (D:1)
  9 bats (D:1)
  A frilled lizard (D:1)
  4 kobolds
  5 rats
44 creatures vanquished.

Notes
Turn   | Place    | Note
-------+----------+-------------------------------------------
     0 | D:1      | Dann the Felid Berserker began the quest for the Orb.
     0 | D:1      | Reached XP level 1. HP: 10/10 MP: 2/2
    99 | D:1      | Reached XP level 2. HP: 7/14 MP: 3/3
   886 | D:1      | Found Rodd's Jewellery Shoppe.
   930 | D:1      | Reached ** piety under Trog
  1265 | D:2      | Reached XP level 3. HP: 17/17 MP: 4/4
  1574 | D:2      | Reached skill level 1 in Stealth
  1669 | D:2      | Reached skill level 5 in Dodging
  1676 | D:2      | Reached XP level 4. HP: 6/21 MP: 5/5
  1902 | D:2      | Noticed Terence
  2163 | D:2      | Slain by Terence
  2164 | D:2      | Reached XP level 3. HP: -2/17 MP: 4/4
  2209 | D:2      | Killed Terence
  2410 | D:2      | Slain by a worm

Illustrated notes

Levels and vault maps discovered:
D:1:      lordsloth_arrival_two_stooges, layout_loops_ring, serial_shops,
          nicolae_shop_statue_plus
D:2:      layout_loops_cross, minmay_octomino_e4, uniq_terence

Skill      XL: |  1  2  3 |
---------------+----------+-----
Stealth        | 1 |  1.1
Dodging        | 5 |  5.1
Unarmed Combat | 4 |  4.2
Fighting       | |  3.5

Action                   |  1- 3 |  4- 6 || total
-------------------------+-------+-------++-------
Melee: Unarmed           |   139 |    28 ||   167
       Bite              |    10 |     2 ||    12
       Punch             |     3 |     1 ||     4
 Stab: Sleeping          |     1 |       ||     1
Armor: Skin              |    11 |       ||    11
Dodge: Dodged            |   126 |    19 ||   145
